Map: 宿怨战场-天梯版

Players

Has

  • Race: Protoss Protoss

Elazer - Winner!

  • Race: Zerg Zerg

Event: WESG 2018 Grand Finals

VOD

Have the link to the VOD?

Description

Time

  • Played on: March 11, 2019, 8:37 a.m.
  • Length: 7:40

All games in this series

Show
View Real Time Build Order
Export as new Build Order

Has Protoss 

Build Orders: 1 Gate Expand 

Get SALT Encoding   

  12  0:00  Probe  
  13  0:12  Probe  
  14  0:19  Pylon  
  14  0:23  Probe  
  15  0:33  Probe  
  15  0:40  Gateway  
  15  0:41  Probe  
  16  0:48  Assimilator  
  17  0:51  Probe  
  18  1:00  Probe  
  19  1:08  Probe  
  20  1:28  Cybernetics Core  
  20  1:36  Nexus  
  20  1:39  Probe  
  21  1:42  Assimilator  
  21  1:48  Pylon  
  21  1:52  Probe  
  22  1:57  Stalker  
  22  1:58  Warp Gate  
  24  2:09  Probe  
  24  2:21  Probe  
  25  2:25  Robotics Facility  
  25  2:33  Probe  
  26  2:43  Sentry  
  28  2:44  Gateway  
  28  2:45  Probe  
  28  2:48  Probe  
  30  2:57  Gateway  
  30  3:07  Gateway  
  30  3:11  Sentry  
  32  3:13  Shield Battery, Immortal  
  32  3:26  Probe  
  38  3:34  Shield Battery  
  36  3:45  Probe x2  
  38  3:54  Immortal  
  42  3:57  Probe  
  44  4:07  Sentry  
  45  4:13  Pylon  
  45  4:16  Pylon  
  44  4:25  Pylon  
  44  4:29  Zealot  
  44  4:30  Zealot  
  42  4:39  Gateway  
  42  4:43  Probe  
  32  5:14  Zealot  
  32  5:16  Probe  
  34  5:24  Probe  
  33  5:34  Probe  
  34  5:46  Probe  
  35  5:54  Cybernetics Core  
  35  5:55  Gateway  
  35  5:58  Probe  
  36  6:10  Probe  
  37  6:12  Zealot  
  37  6:16  Immortal  
  39  6:22  Probe  
  44  6:34  Sentry  
  44  6:38  Pylon  
  46  6:41  Assimilator  
  46  6:45  Assimilator  
  40  7:03  Zealot x2  
  40  7:08  Shield Battery  
  34  7:10  Probe  
  34  7:12  Shield Battery  
  34  7:22  Probe  
Show
View Real Time Build Order
Export as new Build Order

Elazer Zerg - Winner!

Build Orders: Pool First 

Get SALT Encoding   

  12  0:00  Drone  
  13  0:12  Overlord  
  13  0:17  Drone  
  14  0:30  Drone x2  
  14  0:34  Drone  
  17  0:43  Extractor  
  17  0:45  Drone  
  17  0:49  Spawning Pool  
  16  0:55  Drone  
  17  1:16  Drone  
  18  1:25  Hatchery  
  17  1:35  Queen, Zergling x2  
  21  1:40  Drone  
  21  1:44  Metabolic Boost  
  21  1:52  Overlord  
  21  1:55  Drone  
  22  2:11  Drone  
  23  2:16  Zergling x2  
  23  2:22  Lair  
  24  2:23  Zergling x2  
  25  2:34  Zergling x2  
  25  2:37  Queen  
  25  2:38  Zergling x2  
  29  2:44  Zergling x4  
  29  2:46  Zergling x4  
  29  2:50  Zergling x2  
  33  2:56  Overlord  
  33  3:00  Zergling x2  
  34  3:17  Zergling x6  
  37  3:24  Nydus Network  
  36  3:27  Zergling x6  
  36  3:33  Zergling x4  
  41  3:39  Zergling x4  
  43  3:48  Zergling x2  
  44  3:50  Overlord  
  43  4:00  Nydus Canal  
  43  4:08  Zergling x8  
  47  4:11  Zergling x2  
  47  4:15  Nydus Canal  
  48  4:20  Zergling x4  
  47  4:27  Zergling x2  
  44  4:35  Zergling x2  
  44  4:36  Nydus Canal  
  40  4:39  Zergling x2  
  40  4:42  Zergling x2  
  40  4:44  Queen  
  42  4:49  Zergling x2  
  38  4:53  Zergling x2  
  38  4:59  Zergling x2  
  35  5:02  Nydus Canal  
  35  5:03  Zergling x2  
  36  5:11  Zergling x2  
  36  5:24  Queen, Zergling x2  
  36  5:25  Zergling x4  
  39  5:31  Queen  
  41  5:39  Zergling x4  
  41  5:42  Zergling x2  
  43  5:47  Nydus Canal  
  43  5:49  Zergling x2  
  42  5:55  Zergling x2  
  43  6:02  Zergling x2  
  43  6:03  Zergling x4  
  46  6:04  Zergling x2  
  47  6:11  Zergling x4  
  47  6:15  Zergling x2  
  49  6:21  Zergling x2  
  50  6:26  Nydus Canal  
  50  6:32  Zergling x2  
  49  6:33  Zergling x2  
  49  6:36  Zergling x2  
  50  6:50  Zergling x4  
  50  6:53  Zergling x2  
  51  6:57  Zergling x6  
  51  6:59  Nydus Canal  
  45  7:02  Queen  
  42  7:11  Zergling x2  
  42  7:13  Nydus Canal  
  42  7:16  Zergling x2  
  42  7:17  Zergling x2  
Tags
 
Add a new tag
Caveats
  • Supply blocks, unpowered buildings, or Contaminate may cause inaccurate times.
  • Supply counts are checked every 10 seconds.